 Dungeon Crawl Stone Soup version 0.18.1-48-g4cf74bf (webtiles) character file.

1960 MistressOfTheDunes the Ducker (level 9, -8/69 HPs)
             Began as a Mummy Monk on June 25, 2016.
             Mangled by Crazy Yiuf
             ... wielding a +4 quarterstaff of chaos
              (21 damage)
             ... on level 5 of the Dungeon.
             The game lasted 00:15:45 (8495 turns).

MistressOfTheDunes the Ducker (Mummy Monk)          Turns: 8495, Time: 00:15:45

Health: -8/69      AC: 10    Str: 14    XL:     9   Next: 0%
Magic:  8/9        EV: 17    Int: 10    God:
Gold:   235        SH:  0    Dex: 17    Spells: 0 memorised, 8 levels left

rFire  x . .     SeeInvis .       - Unarmed
rCold  + . .     Gourm    .     (no armour)
rNeg   + + +     Faith    .     (no shield)
rPois  ∞         Spirit   .     l - +1 helmet
rElec  .         Dismiss  .     h - +0 cloak
rCorr  .         Reflect  .     (no gloves)
SustAt .         Harm     .     g - +0 pair of boots
MR     +....                    (no amulet)
Stlth  +.........               i - ring of loudness (curse)
                                a - +6 ring of protection

@: somewhat resistant to hostile enchantments, very unstealthy
A: no food or potions, fire vulnerability, cold resistance 1, negative energy
resistance 3, torment resistance, unbreathing
a: no special abilities


You were on level 5 of the Dungeon.
You were not hungry.

You visited 1 branch of the dungeon, and saw 6 of its levels.

You collected 235 gold pieces.


Innate Abilities, Weirdness & Mutations

You do not eat or drink.
Your flesh is vulnerable to fire.
You are immune to poison.
Your flesh is cold resistant.
You are immune to negative energy.
You are immune to unholy pain and torment.
You can survive without breathing.


   Skills:
 - Level 6.2 Fighting
 - Level 7.5 Dodging
 - Level 1.5 Stealth
 + Level 0.0 Shields
 - Level 6.0 Unarmed Combat


You had 8 spell levels left.
You didn't know any spells.

Inventory:

Armour
 g - a +0 pair of boots (worn)
 h - a +0 cloak (worn)
 k - a cursed +0 shield
 l - a +1 helmet (worn)
Jewellery
 a - a +6 ring of protection (left hand)
 e - an uncursed amulet of regeneration {unknown}
 i - a cursed ring of loudness (right hand)
Scrolls
 b - 2 scrolls of fog {unknown}
 c - 8 scrolls of identify {unknown}
 d - a scroll of magic mapping {unknown}
 f - 2 scrolls of random uselessness {unknown}
 j - a scroll of amnesia {unknown}
 m - 2 scrolls of remove curse {unknown}
 n - a scroll of enchant weapon {unknown}

Dungeon Overview and Level Annotations

Branches:
Dungeon (6/15)             Temple (0/1) D:5

Altars:

Shops:
D:4 (

Annotations:
D:2 Duvessa
D:5 Crazy Yiuf
D:6 !steam

▒.▒▒.▒▒▒▒.▒ ▒.▒▒.....!▒
▒.▒▒.▒▒▒▒▒▒ ▒.▒▒.▒ ▒▒▒▒▒
▒▒▒▒.▒▒.▒▒▒▒▒▒▒▒▒▒▒▒▒▒▒...▒▒
.).[......))...............▒▒
▒.▒▒▒▒▒.▒▒▒▒▒).▒▒▒.▒▒▒▒▒....▒
▒.▒ ▒.▒▒▒▒▒..▒.g.▒ ▒....▒ ▒.▒
▒........▒M▒▒▒ ♣ff.♣♣ ▒.▒
▒..▒▒▒...▒)..▒ ♣♣ff.♣ ▒.▒
▒..▒ ▒.......▒▒ ♣♣.♣♣ ▒.▒
▒..▒▒▒........▒ ♣♣.♣ ▒.▒
▒.......▒▒▒▒▒▒▒ ♣.♣♣ ▒.▒
▒.▒▒.▒▒.▒ ♣♣.♣ ▒.▒
▒.......▒▒▒▒▒▒▒ ♣g♣♣ ▒▒▒ ▒.▒
▒▒▒▒.▒........▒ ▒'▒ ▒..
▒.▒▒▒▒▒▒▒▒.▒▒.▒▒▒▒▒▒▒ ... ▒..


You could see Crazy Yiuf (berserk).


Message History

You close the door!
Crazy Yiuf opens the door!
You swing at nothing!
You swing at nothing!
You swing at nothing!
You barely miss Crazy Yiuf! Crazy Yiuf completely misses you!
Crazy Yiuf drinks a potion!
Crazy Yiuf goes berserk!!!
You swing at nothing!
You barely miss Crazy Yiuf!
Crazy Yiuf hits you with a quarterstaff of chaos!
You feel your power leaking away! Crazy Yiuf closely misses you!
Crazy Yiuf hits you with a quarterstaff of chaos!!!
Crazy Yiuf rages!
Crazy Yiuf hits you but does no damage!
You are electrocuted!!!
An orc comes into view! It is wielding a flail!
The orc shouts!!!
Crazy Yiuf hits you with a quarterstaff of chaos!!! * * * don't die
* * * Space bends around you! * * * don't die
* * * Crazy Yiuf hits you with a quarterstaff of chaos!!! * * * don't die
* * * Crazy Yiuf burns you! * * * don't die
* * * You pummel the orc like a punching bag!!!
You annihilate the orc!!!
Crazy Yiuf hits you with a quarterstaff of chaos!!!!!! rip

Action                   |  1- 3 |  4- 6 |  7- 9 || total
-------------------------+-------+-------+-------++-------
Melee: Unarmed           |   137 |   265 |   325 ||   727
       Punch             |     3 |     6 |     7 ||    16
 Stab: Sleeping          |     5 |       |       ||     5
Armor: Skin              |    40 |    86 |    56 ||   182
Dodge: Dodged            |    76 |   184 |   180 ||   440

Vault maps used:
D:1:      sevenhm_arrival_forest_fort_small_2
D:2:      ecumenical_altar_2
D:3:      uniq_terence
D:4:      serial_shops, shop_statue, first_bread, uniq_duvessa, uniq_natasha,
          uniq_robin
D:5:      kennysheep_steamy, minmay_temple_entry_statues_pillars,
          uniq_crazy_yiuf_cottage, uniq_grinder, uniq_sigmund
D:6:      feat_on_display

Notes
Turn   | Place    | Note
--------------------------------------------------------------
     0 | D:1      | MistressOfTheDunes the Mummy Monk began the quest for the Orb.
     0 | D:1      | Reached XP level 1. HP: 18/18 MP: 1/1
   163 | D:1      | Reached XP level 2. HP: 22/24 MP: 2/2
   372 | D:1      | Reached skill level 4 in Unarmed Combat
   612 | D:2      | Reached XP level 3. HP: 26/29 MP: 3/3
   770 | D:2      | Found a faded altar to an unknown god.
  1241 | D:3      | Noticed Terence
  1261 | D:3      | Killed Terence
  1261 | D:3      | Reached XP level 4. HP: 22/35 MP: 4/4
  1675 | D:3      | Reached skill level 5 in Unarmed Combat
  1767 | D:4      | Noticed Duvessa
  1812 | D:4      | Noticed an ogre
  1931 | D:4      | Noticed Dowan
  2451 | D:4      | Reached XP level 5. HP: 39/41 MP: 5/5
  2598 | D:4      | Noticed Robin
  2647 | D:3      | Killed Robin
  2966 | D:4      | Noticed Natasha
  3018 | D:4      | Killed Natasha
  3018 | D:4      | Reached skill level 4 in Fighting
  3202 | D:4      | Found Focuf's Antique Weapon Shoppe.
  3263 | D:4      | Noticed Natasha
  3272 | D:3      | Killed Natasha
  3272 | D:3      | Reached XP level 6. HP: 42/49 MP: 6/6
  3536 | D:4      | Killed Dowan
  4155 | D:4      | Reached skill level 5 in Fighting
  4424 | D:5      | Entered Level 5 of the Dungeon
  4590 | D:5      | Reached skill level 3 in Dodging
  4731 | D:5      | Reached XP level 7. HP: 50/56 MP: 7/7
  4751 | D:5      | Noticed Grinder
  4772 | D:5      | Killed Grinder
  4772 | D:5      | Reached skill level 4 in Dodging
  4880 | D:5      | Found a staircase to the Ecumenical Temple.
  4910 | D:5      | Noticed Sigmund
  5037 | D:5      | Reached skill level 5 in Dodging
  5100 | D:5      | Noticed a steam dragon
  5402 | D:3      | Noticed Natasha
  5930 | D:3      | Reached skill level 6 in Unarmed Combat
  5930 | D:3      | Reached XP level 8. HP: 39/63 MP: 8/8
  6062 | D:3      | Killed Natasha
  6321 | D:5      | Reached skill level 6 in Fighting
  6579 | D:5      | You fall through a shaft!
  7192 | D:6      | Reached skill level 6 in Dodging
  8031 | D:5      | Reached skill level 7 in Dodging
  8207 | D:5      | Killed Sigmund
  8441 | D:5      | Reached XP level 9. HP: 69/69 MP: 9/9
  8471 | D:5      | Noticed Crazy Yiuf
  8495 | D:5      | Mangled by Crazy Yiuf

Vanquished Creatures
  Grinder (D:5)
  Sigmund (D:5)
  An orc warrior (D:5)
  4 ogres
  2 giant frogs (D:6)
  Dowan (D:4)
  A scorpion (D:5)
  4 wights
  A howler monkey (D:4)
  2 crimson imps (D:5)
  A hound (D:5)
  An orc priest (D:5)
  7 orc wizards
  An iguana (D:5)
  Natasha (thrice) (D:4 D:3)
  3 worker ants
  Terence (D:3)
  Robin (D:3)
  9 adders
  A shadow imp (D:6)
  An ooze (D:1)
  3 worms
  4 giant geckos
  22 orcs
  2 ball pythons
  2 bats
  8 giant cockroaches
  18 goblins
  5 hobgoblins
  5 jackals (D:2)
  4 kobolds
  2 quokkas
  A giant gecko skeleton (D:4)
  3 giant newts
  4 rats
  A fungus (D:5)
131 creatures vanquished.

Vanquished Creatures (others)
  2 fungi (D:5)
2 creatures vanquished.

Grand Total: 133 creatures vanquished
